 Dungeon Crawl Stone Soup version 0.29.1-12-g30fa7ad0bf (webtiles) character file.

Game seed: 13104307845851155762

7982 cowcol the Cleaver (level 11, -8/81 (92) HPs)
             Began as a Minotaur Fighter on Jan 12, 2023.
             Was an Initiate of Hepliaklqana.
             Killed from afar by a necromancer (30 damage)
             ... with a bolt of negative energy
             ... on level 9 of the Dungeon.
             The game lasted 00:37:01 (12361 turns).

cowcol the Cleaver (Minotaur Fighter)              Turns: 12361, Time: 00:37:02

HP:   -8/81 (92)    AC: 16    Str: 20    XL:     11   Next: 3%
MP:   10/10         EV: 10    Int:  5    God:    Hepliaklqana [......]
Gold: 618           SH:  0    Dex: 15    Spells: 10/10 levels left

rFire   . . .      SeeInvis .   v - +0 battleaxe
rCold   . . .      Faith    .   (shield currently unavailable)
rNeg    . . .      Spirit   .   r - +0 chain mail
rPois   .          Reflect  .   (helmet restricted)
rElec   .          Harm     .   h - +0 cloak
rCorr   .          Rampage  .   P - +0 pair of gloves
Will    .....                   O - +1 pair of boots {Fly}
Stlth   ..........              g - amulet of regeneration
HPRegen 1.03/turn               (no ring)
MPRegen 0.12/turn               (no ring)

@: about to teleport, flying, heavily drained
A: horns 2, retaliatory headbutt
a: Renounce Religion


You were on level 9 of the Dungeon.
You worshipped Hepliaklqana.
Hepliaklqana was noncommittal.
You visited 2 branches of the dungeon, and saw 10 of its levels.
You also visited: Ossuary.

You collected 618 gold pieces.

Inventory:

Hand Weapons
 a - a +0 war axe
 k - a +0 flail
 n - a +0 great sword
 o - a +0 dagger
 q - a +0 flail
 u - a +0 falchion
 v - a +0 battleaxe (weapon)
 D - a +2 hand axe of freezing
 J - a +4 long sword of protection
 N - a +3 war axe
Missiles
 p - 56 stones
 s - 38 poisoned darts (quivered)
 y - 10 boomerangs
Armour
 b - a +0 scale mail
 c - a +0 buckler
 f - a scarf of shadows
 h - a +0 cloak (worn)
 l - a +0 plate armour
 r - a +0 chain mail (worn)
 w - a +2 pair of boots
 M - +0 acid dragon scales
 O - a +1 pair of boots of flying (worn)
 P - a +0 pair of gloves (worn)
Jewellery
 g - an amulet of regeneration (around neck)
 m - an amulet of guardian spirit
Wands
 j - a wand of polymorph (10)
 x - a wand of paralysis (4)
Scrolls
 d - a scroll of summoning {unknown}
 i - 6 scrolls of teleportation
 t - a scroll of butterflies
 z - 4 scrolls of enchant weapon
 B - a scroll of poison {unknown}
 C - a scroll of magic mapping
 F - 2 scrolls of immolation {unknown}
 Q - a scroll of identify
 R - a scroll of amnesia {unknown}
Potions
 e - 4 potions of curing
 A - 3 potions of degeneration {unknown}
 E - a potion of haste {unknown}
 G - 2 potions of brilliance {unknown}
 H - a potion of attraction {unknown}
 I - a potion of berserk rage {unknown}
 K - a potion of flight {unknown}
 L - a potion of lignification {unknown}


   Skills:
 * Level 7.4 Fighting
 - Level 0.6(3.8) Short Blades
 * Level 6.7 Long Blades
 * Level 13.8 Axes
 + Level 2.9 Throwing
 + Level 8.2 Armour
 * Level 6.6 Dodging
 + Level 2.3 Stealth
 - Level 3.6 Shields
 + Level 0.1 Evocations


You had 10 spell levels left.
You didn't know any spells.
Your spell library contained the following spells:

 Spells                   Type           Power      Damage    Failure   Level
 Freeze                   Ice            0%         1d3       99%         1
 Sandblast                Erth           0%         2d4       99%         1
 Slow                     Hex            0%         N/A       99%         1
 Passwall                 Tmut/Erth      0%         N/A       99%         2
 Confusing Touch          Hex            0%         N/A       100%        3
 Frozen Ramparts          Ice            0%         1d1       100%        3
 Portal Projectile        Hex/Tloc       0%         N/A       100%        3
 Stone Arrow              Conj/Erth      0%         3d7       100%        3
 Tukima's Dance           Hex            0%         N/A       100%        3
 Vampiric Draining        Necr           0%         2d6       100%        3
 Hailstorm                Conj/Ice       0%         3d3       100%        4
 Blade Hands              Tmut           0%         N/A       100%        5


Dungeon Overview and Level Annotations

Branches:
Dungeon (9/15)             Temple (1/1) D:4            Lair (0/5) D:9
Ossuary (visited)
    Orc: D:9-12

Altars:
Ashenzari
Cheibriados
Dithmenos
Elyvilon
Fedhas
Gozag
Hepliaklqana
Kikubaaqudgha
Makhleb
Nemelex Xobeh
Okawaru
Qazlal
Ru
Sif Muna
Trog
Uskayaw
Wu Jian
Xom
Yredelemnul
Zin
The Shining One

Shops:
D:4 *   D:7 :


Innate Abilities, Weirdness & Mutations

You have a pair of horns on your head.
You reflexively headbutt those who attack you in melee.


Message History

The wolf simulacrum closely misses you.
You hit the wolf simulacrum. You headbutt the wolf simulacrum!
The wolf simulacrum vaporises!
A nearby plant withers and dies.
You barely miss the wolf simulacrum.
Your headbutt misses the wolf simulacrum.
The wolf simulacrum bites you but does no damage. x2
You slice the wolf simulacrum!!
The wolf simulacrum vaporises!
The necromancer gestures at you while chanting.
Your body is wracked with pain!
Unknown command.
You feel better. The necromancer casts a spell at you.
The bolt of negative energy hits you!!
You feel drained.
* * * LOW HITPOINT WARNING * * *
Okay, then.
Okay, then.
As you read the scroll of butterflies, it crumbles to dust.
You hear the tinkle of a tiny bell.
The necromancer barely misses your butterfly.
You swap places.
The necromancer hits your butterfly with a +0 dagger.
Your butterfly dies!
Your butterfly disappears in a burst of colours!
You swap places.
The necromancer mumbles some strange words.
The necromancer binds the souls of nearby monsters.
You swap places.
The necromancer gestures wildly while chanting.
The necromancer binds the souls of nearby monsters.
As you read the scroll of teleportation, it crumbles to dust.
You feel strangely unstable.
You swap places.
The necromancer gestures wildly while chanting.
The necromancer binds the souls of nearby monsters.
The necromancer gestures at you while chanting.
The bolt of negative energy misses your butterfly.
The bolt of negative energy hits you!!
You feel drained.
You die...

#.#
#.#........#..Zp'..⌠P.....
#.#
#..........######.........
#.#
###..#####b...............
#.# ##.##..b....p##.##.<....
#.# #..#..bb.b..##.........
#.# ##.#...bbb..#####......
#.# #...b...b..# #...... #.#
##...b.....# #....>. ####.#
##..@###### #......
...#.###########.#####
#######
.#.#.........###.....##
.#.########......###..###
.#.#<..##...P....####...#
.#.#.#.##.P........####.##
.#.###.......P....P..##..##
.#......P...P.PP.....###..##
.#........P...P......#
##..###


You could see a necromancer (ally target).

Vanquished Creatures
  A two-headed ogre (D:8)
  The ghost of javelincjr the Cleaver, a novice DsGl (D:8)
  Pikel (D:5)
  Maggie (D:8)
  A hornet (D:9)
  Sigmund (D:6)
  A wyvern (D:9)
  3 yaks (D:9)
  A steam dragon (D:7)
  Menkaure (D:4)
  4 water moccasins
  Duvessa (D:7)
  An ice beast (D:3)
  2 sky beasts (D:7)
  3 orc warriors (D:8)
  5 black bears
  4 ogres
  A phantom (D:4)
  A centaur (D:9)
  3 lemures (D:5)
  3 kobold brigands
  3 bullfrogs (D:9)
  A gnoll sergeant (D:9)
  4 scorpions
  9 wights
  Dowan (D:7)
  14 killer bees (D:9)
  2 hounds (D:5)
  2 jellies
  6 orc priests
  A gnoll bouda (D:7)
  2 iguanas
  7 orc wizards
  2 wolf simulacra (D:9)
  A mummy (Ossuary)
  20 gnolls
  10 adders
  A shadow imp (D:6)
  2 white imps
  2 worms
  A dart slug (D:2)
  31 orcs
  2 spectral bats (Ossuary)
  14 ball pythons
  8 bats
  7 endoplasms
  2 giant cockroaches
  6 goblins
  16 hobgoblins
  7 jackals
  3 quokkas
  5 bat simulacra (Ossuary)
  2 frilled lizards (D:2)
  12 gnoll zombies (Ossuary)
  2 goblin simulacra (Ossuary)
  A goblin zombie (Ossuary)
  4 hobgoblin zombies (Ossuary)
  20 kobolds
  A kobold simulacrum (Ossuary)
  7 kobold zombies (Ossuary)
  6 orc zombies (Ossuary)
  16 rats
  2 rat simulacra (Ossuary)
  4 spectral goblins (Ossuary)
  3 spectral kobolds (Ossuary)
  4 spectral rats (Ossuary)
316 creatures vanquished.

Vanquished Creatures (others)
  An orc (D:8)
  46 fungi (D:9)
  50 plants
97 creatures vanquished.

Grand Total: 413 creatures vanquished

Notes
Turn   | Place    | Note
-------+----------+-------------------------------------------
     0 | D:1      | cowcol the Minotaur Fighter began the quest for the Orb.
     0 | D:1      | Reached XP level 1. HP: 19/19 MP: 0/0
   525 | D:1      | Reached skill level 3 in Axes
   573 | D:1      | Reached XP level 2. HP: 27/27 MP: 1/1
   643 | D:1      | Reached skill level 1 in Dodging
   760 | D:1      | Reached XP level 3. HP: 33/33 MP: 2/2
  1077 | D:2      | Reached XP level 4. HP: 39/40 MP: 3/3
  1106 | D:2      | Reached skill level 4 in Axes
  1405 | D:2      | Found a faded altar of an unknown god.
  2169 | D:3      | Noticed an ice beast
  2188 | D:3      | Killed an ice beast
  2189 | D:3      | Reached skill level 5 in Axes
  2189 | D:3      | Reached XP level 5. HP: 39/46 MP: 4/4
  2531 | D:3      | Reached XP level 6. HP: 52/52 MP: 5/5
  2657 | D:3      | Reached skill level 6 in Axes
  3002 | D:4      | Found a staircase to the Ecumenical Temple.
  3015 | Temple   | Entered the Ecumenical Temple
  3523 | D:4      | Reached skill level 1 in Long Blades
  3640 | D:4      | Found Kuewo's Mayhem Merchandise.
  4061 | D:4      | Reached skill level 7 in Axes
  4061 | D:4      | Reached XP level 7. HP: 56/60 MP: 6/6
  4139 | D:4      | Reached skill level 5 in Armour
  4294 | D:4      | Noticed Menkaure
  4302 | D:4      | Killed Menkaure
  4303 | D:4      | Reached skill level 8 in Axes
  4303 | D:4      | Reached skill level 1 in Throwing
  4738 | D:5      | Entered Level 5 of the Dungeon
  4900 | D:5      | Reached XP level 8. HP: 65/67 MP: 7/7
  5125 | D:5      | Reached skill level 9 in Axes
  5171 | D:5      | Noticed Pikel
  5186 | D:5      | Killed Pikel
  5187 | D:5      | Reached skill level 5 in Fighting
  5460 | D:5      | Reached skill level 10 in Axes
  5976 | D:6      | Noticed Sigmund
  5989 | D:6      | Killed Sigmund
  5990 | D:6      | Reached XP level 9. HP: 66/74 MP: 8/8
  6310 | D:6      | Reached skill level 11 in Axes
  6460 | D:6      | Reached skill level 5 in Dodging
  6633 | D:6      | You fall into a shaft and drop 3 floors!
  6678 | D:9      | Reached skill level 5 in Long Blades
  6721 | D:8      | Found an opulent altar of Gozag.
  6738 | D:8      | Reached skill level 12 in Axes
  6950 | D:8      | Noticed Maggie
  7101 | D:8      | Found a sand-covered staircase.
  7113 | Ossuary  | Entered an ossuary
  8205 | D:8      | Found a runed translucent gate.
  8486 | D:7      | Reached XP level 10. HP: 78/83 MP: 9/9
  8548 | D:7      | Identified the +7 dagger "Hanui" {chaos, Str+3 Int+2 Dex-2
                  | Stlth+}
  8741 | D:7      | Noticed Duvessa
  8741 | D:7      | Noticed Dowan
  8749 | D:7      | Killed Duvessa
  8759 | D:7      | Killed Dowan
  9076 | D:7      | Found Ledax's Book Shoppe.
  9428 | D:8      | Reached skill level 1 in Stealth
  9888 | D:8      | Killed Maggie
  9905 | D:8      | Found a runed translucent gate.
  9906 | D:8      | Found a runed translucent gate.
  9907 | D:8      | Noticed javelincjr's ghost (novice DsGl)
 10387 | D:8      | Killed javelincjr's ghost
 10388 | D:8      | Reached skill level 13 in Axes
 10666 | D:9      | Noticed a two-headed ogre
 10720 | D:8      | Killed a two-headed ogre
 11735 | D:9      | Found a hazy altar of Hepliaklqana.
 11735 | D:9      | Found a sacrificial altar of Ru.
 11739 | D:9      | Became a worshipper of Hepliaklqana the Forgotten
 11802 | D:9      | Paralysed by a hornet for 1 turns
 12049 | D:9      | Found a hide-covered altar of Uskayaw.
 12050 | D:9      | Found a white marble altar of Elyvilon.
 12167 | D:9      | Found a staircase to the Lair.
 12193 | D:9      | Reached XP level 11. HP: 92/92 MP: 10/10
 12343 | D:9      | Noticed a necromancer
 12361 | D:9      | Killed from afar by a necromancer

Illustrated notes

Levels and vault maps discovered:
D:1:      minmay_arrival_four_loops, layout_rooms, serial_bayou_ford_a
D:2:      layout_rooms, nicolae_ecumenical_oubliette, serial_co_window_serial,
          co_window_corner_a, co_window_cross_1, co_window_paths_a,
          co_window_paths_a, co_window_paths_a, co_window_paths_a,
          co_window_corner_b, co_window_unsneaky_path_d, co_window_broadway_c,
          co_window_sun, glass_columns_c, grunt_ministairs_4,
          serial_bayou_pond_c, minmay_rat_gold_closets
D:3:      layout_rooms, minmay_snake_closets
D:4:      layout_gridville, minmay_temple_entry_statues, minmay_shop_mayhem,
          st_stairs_10, minmay_quantized, uniq_menkaure
D:5:      layout_gridville, uniq_pikel
D:6:      layout_loops_ring, uniq_sigmund
D:7:      layout_basic, serial_shops, kennysheep_mini,
          corexii_item_surrounded_by_moat, chequers_serial_rivers_room_a,
          uniq_duvessa
D:8:      layout_basic, grunt_gozag_statues, biasface_ghost_orc_armoury,
          enter_ossuary_3, minivault_22, uniq_maggie
D:9:      layout_basic, grunt_temple_overflow_open,
          nicolae_overflow_two_pavilions, due_lair_maze_entry_diamond,
          eino_house_with_fridge
Temple:   compressed_dpeg_triangle_lava_temple

Skill      XL: |  1  2  3  4  5  6  7  8  9 10 |
---------------+-------------------------------+-----
Axes           | 3 5 7 8 10 12 13 | 13.8
Armour         | 4 5 6 7 8 |  8.2
Dodging        | 1 2 3 4 5 6 |  6.6
Fighting       | 4 5 7 |  7.4
Long Blades    | 1 2 4 5 6 |  6.7
Throwing       | 1 2 |  2.9
Stealth        | 2 |  2.3
Short Blades   | |  0.6
Shields        | |  3.6
Evocations     | |  0.1

Action                   |  1- 3 |  4- 6 |  7- 9 | 10-12 || total
-------------------------+-------+-------+-------+-------++-------
Melee: War axe           |    63 |    97 |       |       ||   160
       Headbutt          |    10 |    32 |    61 |    41 ||   144
       Battleaxe         |       |   101 |   298 |   202 ||   601
       Unarmed           |       |       |    13 |     5 ||    18
Throw: Stone             |     2 |     2 |       |       ||     4
       Boomerang         |       |     4 |    33 |     4 ||    41
       Dart              |       |     1 |       |     1 ||     2
Evoke: Wand              |       |       |       |     5 ||     5
  Use: Scroll            |     2 |     5 |     5 |     4 ||    16
       Potion            |       |     1 |     5 |     5 ||    11
 Stab: Paralysed         |       |       |       |     5 ||     5
       Invisible         |       |       |       |     2 ||     2
Armor: Scale mail        |    34 |    12 |       |       ||    46
       Chain mail        |       |   113 |   201 |   114 ||   428
Dodge: Dodged            |    23 |    90 |   193 |    90 ||   396
Block: Buckler           |    14 |    18 |       |       ||    32
